 Dungeon Crawl Stone Soup version 0.30.0-5-g1a98f26d00 (webtiles) character file.

Game seed: 4227719619625516087

165 Inkenn the Shield-Bearer (level 5, 0/41 HPs)
             Began as a Demonspawn Fighter on May 8, 2023.
             Was a Follower of Okawaru.
             Killed by divine providence
             ... invoked by an orc priest
              (16 damage)
             ... on level 5 of the Dungeon.
             The game lasted 00:03:30 (1789 turns).

Inkenn the Shield-Bearer (Demonspawn Fighter)       Turns: 1789, Time: 00:03:30

Health: 0/41       AC: 13    Str: 19    XL:     5   Next: 22%
Magic:  3/5        EV: 11    Int:  9    God:    Okawaru [*.....]
Gold:   144        SH:  6    Dex: 12    Spells: 4/4 levels left

rFire   . . .        m - +0 short sword (drain)
rCold   . . .        c - +0 buckler
rNeg    . . .        b - +0 scale mail
rPois   .            (no helmet)
rElec   .            (no cloak)
rCorr   .            n - +2 pair of gloves
SInv    .            (no boots)
Will    .....        (no amulet)
Stlth   +            (no ring)
HPRegen 0.26/turn    (no ring)
MPRegen 0.09/turn

%: no passive effects
@: heroic
A: hooves 1, slimy green scales 1
a: Renounce Religion, Heroism


You were on level 5 of the Dungeon.
You worshipped Okawaru.
Okawaru was aware of your devotion.
You visited 2 branches of the dungeon, and saw 5 of its levels.

You collected 144 gold pieces.

Inventory:

Hand Weapons
 a - a +0 rapier
 m - a +0 short sword of draining (weapon)
Missiles
 p - a throwing net (quivered)
Armour
 b - a +0 scale mail (worn)
 c - a +0 buckler (worn)
 n - a +2 pair of gloves (worn)
Scrolls
 e - 3 scrolls of identify {unknown}
 g - 2 scrolls of brand weapon {unknown}
 i - a scroll of teleportation {unknown}
 j - 2 scrolls of enchant weapon {unknown}
 k - a scroll of torment {unknown}
 q - a scroll of fog {unknown}
 r - a scroll of fear {unknown}
 t - a scroll of immolation {unknown}
Potions
 d - 2 potions of might
 f - 3 potions of curing {unknown}
 h - a potion of brilliance {unknown}
 l - a potion of berserk rage {unknown}
 o - a potion of degeneration {unknown}
 s - a potion of invisibility {unknown}
 u - a potion of attraction {unknown}


   Skills:
 - Level 3.0(8.0) Fighting
 + Level 3.8(8.8) Short Blades
 - Level 3.0(8.0) Armour
 - Level 4.0(9.0) Shields


You had 4 spell levels left.
You didn't know any spells.
Your spell library contained the following spells:

 Spells                   Type           Power      Damage    Failure   Level
 Freeze                   Ice            0%         1d3       77%         1
 Frozen Ramparts          Ice            0%         1d1       98%         3
 Hailstorm                Conj/Ice       0%         3d3       98%         3
 Summon Small Mammal      Summ           Unusable   N/A       N/A         1
 Call Canine Familiar     Summ           Unusable   N/A       N/A         3
 Summon Guardian Golem    Hex/Summ       Unusable   N/A       N/A         3

Dungeon Overview and Level Annotations

Branches:
Dungeon (5/15)             Temple (1/1) D:5

Altars:
Makhleb
Okawaru
Trog
Uskayaw

Shops:
D:2 ((


Innate Abilities, Weirdness & Mutations

You have large cloven feet.
You are partially covered in slimy green scales. (AC +2)


Message History

Found a hide-covered altar of Uskayaw.
There is a burning altar of Makhleb here.
HP restored.
Found a bloodstained altar of Trog.
There is a staircase back to the Dungeon here.
You can't go down here!
You climb upwards.
Welcome back to the Dungeon!
You hear the sound of rushing water.
There is an entrance to a sewer on this level.
Hurry and find it before the portal rusts away!
You hear the rusting of a very distant drain.
The orc shouts!
The hound bites you. The hound bites you but does no damage.
You block the hound's attack.
There is a staircase to the Ecumenical Temple here.
You gain the combat prowess of a mighty hero.
The orc priest mumbles some strange prayers to Beogh against you.
Beogh smites you! You block the hound's attack.
You barely miss the orc warrior. You kick the orc warrior.
The orc warrior is lightly wounded.
The hound bites you but does no damage. The orc hits you but does no damage.
The orc warrior closely misses you.
You hit the orc warrior but do no damage.
You drain the orc warrior.
You kick the orc warrior, but do no damage.
The orc warrior is lightly wounded.
The hound closely misses you.
The orc priest mumbles some strange prayers to Beogh against you.
Beogh smites you!
The orc warrior hits you with a +0 long sword.
You hit the orc warrior but do no damage.
You drain the orc warrior.
You kick the orc warrior, but do no damage.
The orc warrior is moderately wounded.
The hound bites you but does no damage.
You hit the orc warrior but do no damage.
You drain the orc warrior.
The orc warrior is moderately wounded.
The orc priest mumbles some strange prayers to Beogh against you.
Beogh smites you!
You die...

.......# ...#... ##..
...... ...#.#
##...#..... .....#
##......... #...##
##....#.#..#
#...####.#..........###
#.....[.......#...#...##
..#.........#...o...#...
.#........#.....@ho...#.
#...##......#...oo.o#...
#..#####......#...#o..#
..## .##...........##
.## .###...#.#.o....
...# .# #............
##.. ##....#..!.... # .
#............. #
##....##.......


You could see an orc warrior (very drained), a hound, 3 orc priests and 3 orcs.

Vanquished Creatures
  An iguana (D:5)
  3 gnolls (D:3)
  2 adders
  2 worms
  2 dart slugs
  7 orcs
  4 bats
  7 endoplasms
  2 giant cockroaches (D:1)
  4 goblins
  4 hobgoblins
  8 jackals
  9 kobolds
  3 quokkas
  5 ball pythons
  4 frilled lizards
  4 rats
71 creatures vanquished.

Notes
Turn   | Place    | Note
-------+----------+-------------------------------------------
     0 | D:1      | Inkenn the Demonspawn Fighter began the quest for the Orb.
     0 | D:1      | Reached XP level 1. HP: 18/18 MP: 1/1
   156 | D:1      | Gained mutation: You are partially covered in slimy green
                  | scales. (AC +2) [demonic ancestry]
   156 | D:1      | Reached XP level 2. HP: 22/24 MP: 2/2
   249 | D:1      | Reached skill level 3 in Shields
   703 | D:2      | Reached XP level 3. HP: 12/29 MP: 3/3
   825 | D:2      | Found Syd Enot's Antique Weapon Shoppe.
   864 | D:2      | Found a faded altar of an unknown god.
   897 | D:2      | Found Mazeump's Weapon Boutique.
  1150 | D:2      | Gained mutation: You have large cloven feet. [demonic
                  | ancestry]
  1150 | D:2      | Reached XP level 4. HP: 35/35 MP: 4/4
  1155 | D:2      | Prayed at the altar of an unknown god.
  1155 | D:2      | Became a worshipper of Warmaster Okawaru
  1155 | D:2      | Reached * piety under Okawaru
  1466 | D:3      | You fall into a shaft and drop 2 floors!
  1466 | D:5      | Entered Level 5 of the Dungeon
  1496 | D:5      | Reached skill level 4 in Shields
  1529 | D:5      | Reached XP level 5. HP: 15/41 MP: 5/5
  1675 | D:5      | Found a staircase to the Ecumenical Temple.
  1681 | D:5      | Noticed an orc warrior
  1686 | Temple   | Entered the Ecumenical Temple
  1789 | D:5      | Killed from afar by an orc priest

Illustrated notes

Levels and vault maps discovered:
D:1:      roderic_dead_forest, layout_rooms
D:2:      cheibrodos_helix_gallery, layout_rooms, basic_ecumenical_altar,
          serial_shops, nicolae_shop_rolling_square, shop,
          kennysheep_generic_room_7
D:3:      layout_rooms, gammafunk_ghost_nasty_kobolds, minmay_bisected,
          uniq_sigmund
D:5:      layout_layer_cave, minmay_temple_entry_sparse_star,
          portal_sewer_entry_e, serial_bayou, serial_bayou_pond_e,
          serial_bayou_pond_e, serial_bayou_pond_b, serial_bayou_pond_a,
          serial_bayou_shore_a
Temple:   minmay_crystal_spiral_temple

Skill      XL: |  1  2  3  4 |
---------------+-------------+-----
Short Blades   | 2 3 |  3.8
Armour         | 3 |  3.0
Shields        | 3 4 |  4.0
Fighting       | |  3.0

Action                     |  1- 3 |  4- 6 || total
---------------------------+-------+-------++-------
  Melee: Rapier            |    92 |       ||    92
         Short sword       |    72 |   104 ||   176
         Kick              |       |    27 ||    27
 Invoke: Heroism           |       |     2 ||     2
 Armour: Scale mail        |    84 |    82 ||   166
  Dodge: Dodged            |    79 |    65 ||   144
  Block: Buckler           |    49 |    33 ||    82
